 Dungeon Crawl Stone Soup version 0.28.0-47-ge53b351184 (webtiles) character file.

Game seed: 14786449923437622626

23 issech the Cudgeller (level 2, -1/29 HPs)
             Began as a Troll Monk on May 10, 2022.
             Killed from afar by Sigmund (8 damage)
             ... with a magic dart
             ... on level 1 of the Dungeon.
             The game lasted 00:02:58 (950 turns).

issech the Cudgeller (Troll Monk)                    Turns: 950, Time: 00:02:58

Health: -1/29      AC:  4    Str: 18    XL:     2   Next: 75%
Magic:  1/1        EV: 10    Int:  6    God:
Gold:   24         SH:  0    Dex: 12    Spells: 1/1 levels left

rFire   . . .      SeeInvis .   a - +0 mace
rCold   . . .      Faith    .   (no shield)
rNeg    . . .      Spirit   .   b - +0 robe
rPois   .          Reflect  .   (helmet restricted)
rElec   .          Harm     .   (no cloak)
rCorr   .          Rampage  .   (gloves unavailable)
Will    .....                   (boots unavailable)
Stlth   ++........              (no amulet)
HPRegen 0.89/turn               (no ring)
MPRegen 0.07/turn               (no ring)

@: no status effects
A: large, unfitting armour, claws 3, regeneration 1, shaggy fur 1, tough skin 1
a: no special abilities


You were on level 1 of the Dungeon.
You visited 1 branch of the dungeon, and saw 2 of its levels.

You collected 24 gold pieces.

Inventory:

Hand Weapons
 a - a +0 mace (weapon)
 j - a +0 arbalest
Missiles
 d - 44 stones (quivered)
Armour
 b - a +0 robe (worn)
Scrolls
 c - 2 scrolls of immolation {unknown}
 e - 2 scrolls of teleportation {unknown}
 f - 2 scrolls of amnesia {unknown}
 g - a scroll of identify {unknown}
Potions
 h - a potion of magic {unknown}
 i - a potion of haste {unknown}


   Skills:
 + Level 2.7 Fighting
 + Level 3.2 Maces & Flails
 + Level 2.5 Dodging
 + Level 1.0 Stealth


You had one spell level left.
You didn't know any spells.
Your spell library was empty.

Dungeon Overview and Level Annotations

Branches:
Dungeon (2/15)

Altars:

Shops:
D:1 (

Annotations:
D:2 Sigmund


Innate Abilities, Weirdness & Mutations

You are too large for most types of armour.
You have claws for hands.
Your natural rate of healing is unusually fast.
You are covered in fur. (AC +1)
You have tough skin. (AC +1)


Message History

You see here a hobgoblin corpse.
HP restored.
You see here a rat corpse.
You open the door.
There is an open door here.
Done exploring.
Done exploring.
There is a stone staircase leading down here.
You climb downwards.
Found a robe, 24 gold pieces, a crooked jewelled staff and 5 poisoned darts.
There is a stone staircase leading up here.
The helpless Sigmund fails to defend himself.
You thump Sigmund!
Sigmund is moderately wounded.
The adder hisses angrily.
The frilled lizard hisses angrily.
Sigmund mumbles some strange words.
Sigmund flickers and vanishes!
Deactivating autopickup; reactivate with Ctrl-A.
You hear some strange, mumbled words.
A magic dart appears from out of thin air!
The magic dart hits you.
You climb upwards.
Reactivating autopickup.
There is a stone staircase leading down here.
You hear some strange, mumbled words.
Deactivating autopickup; reactivate with Ctrl-A.
You are confused.
You hear some strange, mumbled words.
A puff of flame appears from out of thin air!
The puff of flame hits you!
There is a stone staircase leading down here.
Something hits you!
* * * LOW HITPOINT WARNING * * *
You're too confused to move!
Unknown command.
Something hits you but does no damage.
You feel less confused.
A magic dart appears from out of thin air!
The magic dart hits you!
You die...

########### #...##.######
#[.......^# #.#..........
#.######.## #.###########
#.#....#.## #.#⌠.....⌠.≈≈
#.#.#.....# #.#.........≈
######.#.#.....# #.#..........
.....#.#.#....># #.#>..##...##
####.#.#.##.#{.######.#...##...##
####.#.#.##.#...@.....#..........
.......#.#..#.........#######'###
.##......#..#..................##
.#.......#.##..##.....########.#.
.#.....#....)..####.#....#.# #.#.
...#.#.#.#+##..# #.####.#.# #.#.
...#.#.#.......####.####.#.# #.#.
..)#.#.#.................#.# #.#.
...#...........####.######.# #.#.


There were no monsters in sight!

Vanquished Creatures
  An endoplasm (D:1)
  A giant cockroach (D:1)
  2 goblins (D:1)
  A hobgoblin (D:1)
  4 jackals (D:1)
  4 ball pythons (D:1)
  3 bats (D:1)
  3 frilled lizards (D:1)
  2 kobolds (D:1)
  3 rats (D:1)
24 creatures vanquished.

Notes
Turn   | Place    | Note
-------+----------+-------------------------------------------
     0 | D:1      | issech the Troll Monk began the quest for the Orb.
     0 | D:1      | Reached XP level 1. HP: 22/22 MP: 0/0
   142 | D:1      | Reached XP level 2. HP: 28/29 MP: 1/1
   181 | D:1      | Reached skill level 3 in Maces & Flails
   326 | D:1      | Found Astump's Weapon Boutique.
   941 | D:2      | Noticed Sigmund
   950 | D:1      | Killed from afar by Sigmund

Illustrated notes

Levels and vault maps discovered:
D:1:      amcnicky_arrival_flooded_fountain, layout_basic, serial_shops,
          nicolae_shop_bloodbath_and_beyond
D:2:      layout_basic, kennysheep_generic_room_15, uniq_sigmund

Skill      XL: |  1  2 |
---------------+-------+-----
Maces & Flails | 3 |  3.2
Fighting       | |  2.7
Dodging        | |  2.5
Stealth        | |  1.0

Action                   || total
-------------------------++-------
Melee: Mace              ||    74
 Stab: Sleeping          ||     3
Armor: Robe              ||    33
Dodge: Dodged            ||    50
